 Dungeon Crawl Stone Soup version 0.29.1-14-g9c671dbff4 (webtiles) character file.

Game seed: 17613396266933137372

144 McKennaii the Covered (level 4, -13/40 HPs)
             Began as a Demigod Fighter on Feb 17, 2023.
             Mangled by an ogre
             ... wielding a +0 giant club
              (22 damage)
             ... on level 3 of the Dungeon.
             The game lasted 00:03:00 (2834 turns).

McKennaii the Covered (Demigod Fighter)             Turns: 2834, Time: 00:03:01

Health: -13/40     AC:  7    Str: 21    XL:     4   Next: 76%
Magic:  6/6        EV:  9    Int: 10    God:
Gold:   142        SH:  4    Dex: 13    Spells: 3/3 levels left

rFire   + . .      SeeInvis .   a - +0 long sword
rCold   . . .      Faith    .   c - +0 buckler
rNeg    . . .      Spirit   .   b - +0 scale mail
rPois   .          Reflect  .   (no helmet)
rElec   .          Harm     .   (no cloak)
rCorr   .          Rampage  .   (no gloves)
Will    .....                   (no boots)
Stlth   ..........              (no amulet)
HPRegen 0.13/turn               j - ring of protection from fire
MPRegen 0.10/turn               (no ring)

@: no status effects
A: high MP 1, forlorn, divine attributes
a: no special abilities


You were on level 3 of the Dungeon.
You visited 1 branch of the dungeon, and saw 4 of its levels.

You collected 142 gold pieces.

Inventory:

Hand Weapons
 a - a +0 long sword (weapon)
Armour
 b - a +0 scale mail (worn)
 c - a +0 buckler (worn)
Magical Staves
 r - a staff of cold
Jewellery
 j - a ring of protection from fire (left hand)
Scrolls
 f - 4 scrolls of identify {unknown}
 i - a scroll of brand weapon {unknown}
 k - a scroll of vulnerability {unknown}
 l - 2 scrolls of teleportation {unknown}
 n - a scroll of enchant armour {unknown}
 o - a scroll of noise {unknown}
 q - a scroll of immolation {unknown}
Potions
 d - a potion of might
 e - 2 potions of flight {unknown}
 g - a potion of curing
 h - 2 potions of brilliance {unknown}
 m - 4 potions of degeneration {unknown}
 p - a potion of attraction {unknown}


   Skills:
 + Level 3.7 Fighting
 + Level 3.0 Long Blades
 + Level 3.7 Armour
 - Level 2.7 Shields


You had 3 spell levels left.
You didn't know any spells.
Your spell library contained the following spells:

 Spells                   Type           Power      Damage    Failure   Level
 Gell's Gravitas          Tloc           0%         N/A       99%         3
 Summon Guardian Golem    Hex/Summ       0%         N/A       99%         3
 Teleport Other           Tloc           0%         N/A       99%         3
 Dispersal                Tloc           0%         N/A       100%        6
 Orb of Destruction       Conj           0%         9d5       100%        7
 Spellforged Servitor     Conj/Summ      0%         N/A       100%        7


Dungeon Overview and Level Annotations

Branches:
Dungeon (4/15)
 Temple: D:4-7

Shops:
D:2 *[

Annotations:
D:4 Ijyb


Innate Abilities, Weirdness & Mutations

You have an increased reservoir of magic. (+10% MP)
You shall have no god before yourself.
Your divine heritage dramatically boosts your attributes as you level up.


Message History

You barely miss the hound.
The hound is severely wounded.
The hound closely misses you. The hound bites you but does no damage.
You slash the hound!
You kill the hound!
Your Long Blades skill increases to level 3!
No target in view!
You start resting.
HP restored.
There is a stone staircase leading down here.
You climb downwards.
Level annotation: Ijyb The ogre shouts!
The gnoll shouts! x4; You hear a shout!
An ogre comes into view. It is wielding a +0 giant spiked club.
Found 21 stones, 2 large rocks and 13 gold pieces.
There is a stone staircase leading up here.
Unknown command.
The gnoll hits you from afar with a +0 spear.
The ogre hits you with a +0 giant club!
You climb upwards.
There is a stone staircase leading down here.
Unknown command.
You hit the ogre.
The ogre is lightly wounded.
You aren't carrying any items that you can evoke.
You barely miss the ogre.
The ogre is lightly wounded.
The ogre closely misses you.
You hit the ogre.
The ogre is lightly wounded.
The ogre closely misses you.
You hit the ogre.
The ogre is moderately wounded.
The ogre hits you with a +0 giant club!
* * * LOW HITPOINT WARNING * * *
You hit the ogre.
The ogre is heavily wounded.
The ogre hits you with a +0 giant club!!
Ouch! That really hurt!
You die...

....##.#......##.#
###.##........##.#
##....##......##.#
......##......##.####
......##............#
##....##........>...#
#######............#
#######...O..#
#..@...# #......#
#......# #......#
########


You could see an ogre.

Vanquished Creatures
  A hound (D:3)
  7 adders
  7 bats
  4 endoplasms
  5 goblins
  8 hobgoblins
  6 quokkas
  4 ball pythons
  A frilled lizard (D:1)
  2 kobolds
  3 rats
48 creatures vanquished.

Notes
Turn   | Place    | Note
-------+----------+-------------------------------------------
     0 | D:1      | McKennaii the Demigod Fighter began the quest for the Orb.
     0 | D:1      | Reached XP level 1. HP: 18/18 MP: 3/3
   443 | D:1      | Reached XP level 2. HP: 25/25 MP: 4/4
   903 | D:2      | Found Utzuer's Antique Armour Shoppe.
  1062 | D:2      | Found Zarum's General Store.
  1310 | D:2      | Reached XP level 3. HP: 31/31 MP: 5/5
  2059 | D:3      | Reached XP level 4. HP: 38/38 MP: 6/6
  2755 | D:4      | Noticed Ijyb
  2827 | D:4      | Noticed an ogre
  2827 | D:4      | Noticed an ogre
  2834 | D:3      | Mangled by an ogre

Illustrated notes

Levels and vault maps discovered:
D:1:      psy_arrival_statuary, layout_basic, chequers_ecumenical_altar_twisty,
          minmay_liquid_box, reono_crystal_passage
D:2:      layout_basic, serial_shops, shop, nicolae_shop_statue_plus,
          basic_altar, mrwooster_statue_mirror, serial_park_tiny_1,
          hangedman_decor_clover_reticule, hangedman_abyss_or_decor_stabs
D:3:      layout_rooms
D:4:      layout_rooms, tso_altar, dilly_guarded_unrand_devastator, uniq_ijyb,
          uniq_edmund, uniq_crazy_yiuf_cottage

Skill      XL: |  1  2  3  4 |
---------------+-------------+-----
Long Blades    | 2 3 |  3.0
Armour         | 3 |  3.7
Fighting       | 3 |  3.7
Shields        | |  2.7

Action                   |  1- 3 |  4- 6 || total
-------------------------+-------+-------++-------
Melee: Long sword        |   152 |    53 ||   205
  Use: Potion            |     1 |       ||     1
Armor: Scale mail        |    79 |    22 ||   101
Dodge: Dodged            |    98 |    30 ||   128
Block: Buckler           |    50 |     6 ||    56
